 Dungeon Crawl Stone Soup version 0.23-a0-480-g1869896 (webtiles) character file.

88 tilp the Chiller (level 4, 0/30 HPs)
             Began as a Merfolk Ice Elementalist on Nov 28, 2018.
             Slain by a hobgoblin
             ... wielding a +0 club
              (3 damage)
             ... on level 2 of the Dungeon.
             The game lasted 00:17:00 (2135 turns).

tilp the Chiller (Merfolk Ice Elementalist)         Turns: 2135, Time: 00:17:01

Health: 0/30       AC:  2    Str:  8    XL:     4   Next: 54%
Magic:  0/7        EV: 13    Int: 15    God:
Gold:   58         SH:  0    Dex: 14    Spells: 1/7 levels left

rFire    . . .     SeeInvis .   h - +0 dagger
rCold    . . .     Gourm    .   (no shield)
rNeg     . . .     Faith    .   a - +0 robe
rPois    .         Spirit   .   (no helmet)
rElec    .         Reflect  .   (no cloak)
rCorr    .         Harm     .   (no gloves)
MR       .....                  (no boots)
Stlth    ++........             (no amulet)
HPRegen  0.10/turn              (no ring)
MPRegen  0.10/turn              (no ring)

@: lethally poisoned (0 -> -12)
A: change form in water, swift swim, stealthy swim
a: no special abilities


You were on level 2 of the Dungeon.
You were not hungry.

You visited 1 branch of the dungeon, and saw 2 of its levels.

You collected 58 gold pieces.

Inventory:

Hand Weapons
 h - a +0 dagger (weapon)
 i - a +0 spear
Armour
 a - a +0 robe (worn)
 d - a +0 buckler
Scrolls
 b - 2 scrolls of teleportation {unknown}
 g - 2 scrolls of identify {unknown}
 j - a scroll of remove curse {unknown}
Comestibles
 c - 4 rations
 f - 3 chunks of flesh


   Skills:
 - Level 2.6 Dodging
 - Level 2.1 Stealth
 - Level 2.0 Spellcasting
 - Level 0.7 Conjurations
 + Level 5.7 Ice Magic


You had one spell level left.
You knew the following spells:

 Your Spells              Type           Power        Failure   Level  Hunger
a - Freeze                Ice            ###.         2%          1    #......
b - Throw Frost           Conj/Ice       ##....       9%          2    ###....
c - Ozocubu's Armour      Chrm/Ice       ##......     21%         3    ###....

Your spell library contained the following spells:

 Spells                   Type           Power        Failure   Level  Hunger
 Throw Icicle             Conj/Ice       ##......     52%         4    #####..
 Summon Ice Beast         Ice/Summ       ##......     56%         4    #####..


Dungeon Overview and Level Annotations

Branches:
Dungeon (2/15)

Altars:


Message History

You don't have enough magic to cast that spell.
Unknown command.
You barely miss the adder.
The adder is almost dead.
* * * LOW HITPOINT WARNING * * *
You feel sick. The adder closely misses you.
You hit the adder.
You kill the adder!
* * * LOW HITPOINT WARNING * * *
You feel sick. The hobgoblin closely misses you.
You hit the hobgoblin.
The hobgoblin is moderately wounded.
* * * LOW HITPOINT WARNING * * *
You feel sick. The hobgoblin barely misses you.
You barely miss the hobgoblin.
The hobgoblin is moderately wounded.
* * * LOW HITPOINT WARNING * * *
You feel sick. The kobold barely misses you.
The hobgoblin hits you with a +0 club.
You die...

#...## #........# .
###....# #..####.##
..#....#.# #.##
##..>##.#.####<# # ..
#........))# #.#
#.#..(.......# ....
#............##.....
###.................
.###........g@..(....
#..K....)....K.##.....
..(##...>......# .....
g. #..........# ....
##..###..### ## .!..#
..... ###..........
#..##...... #.. ...


You could see a hobgoblin and a kobold.

Vanquished Creatures
  4 adders (D:2)
  An ooze (D:1)
  A worm (D:2)
  A dart slug (D:2)
  A leopard gecko (D:1)
  7 hobgoblins
  5 jackals (D:1)
  2 bats
  2 frilled lizards (D:1)
  8 goblins
  7 kobolds
  3 rats (D:1)
42 creatures vanquished.

Notes
Turn   | Place    | Note
-------+----------+-------------------------------------------
     0 | D:1      | tilp the Merfolk Ice Elementalist began the quest for the
                  | Orb.
     0 | D:1      | Reached XP level 1. HP: 13/13 MP: 3/3
    83 | D:1      | Reached XP level 2. HP: 3/19 MP: 0/5
   527 | D:1      | Reached skill level 4 in Ice Magic
   814 | D:1      | Reached XP level 3. HP: 24/24 MP: 4/6
   818 | D:1      | Learned a level 2 spell: Throw Frost
   822 | D:1      | Learned a level 3 spell: Ozocubu's Armour
  1441 | D:2      | Reached skill level 5 in Ice Magic
  1660 | D:2      | Reached XP level 4. HP: 16/30 MP: 2/7
  2135 | D:2      | Slain by a hobgoblin

Vault maps used:
D:1:      psy_arrival_fountain
D:2:      nicolae_gozag_seed_capital, lemuel_altar_in_water2, uniq_jessica

Skill      XL: |  1  2  3 |
---------------+----------+-----
Ice Magic      | 4 5 |  5.7
Dodging        | |  2.6
Stealth        | |  2.1
Spellcasting   | |  2.0
Conjurations   | |  0.7

Action                   |  1- 3 |  4- 6 || total
-------------------------+-------+-------++-------
Melee: Unarmed           |     5 |       ||     5
       Dagger            |       |     4 ||     4
Throw: Javelin           |    11 |     3 ||    14
 Cast: Freeze            |    45 |    17 ||    62
       Throw Frost       |       |     1 ||     1
  Eat: Chunk             |     3 |     2 ||     5
Armor: Robe              |     4 |     1 ||     5
Dodge: Dodged            |    31 |    12 ||    43

Table legend:
 A = Non-vault XP
 B = Vault XP
 C = Vault XP percentage of total XP
 D = Non-vault monster count
 E = Vault monster count
 F = Vault count percentage of total count
                 A         B        C        D         E       F
            +---------+---------+-------+---------+---------+-------
      Total |     127 |       0 |   0.0 |      42 |       0 |   0.0
            +---------+---------+-------+---------+---------+-------
        D:1 |      54 |       0 |   0.0 |      29 |       0 |   0.0
        D:2 |      73 |       0 |   0.0 |      13 |       0 |   0.0
            +---------+---------+-------+---------+---------+-------
